 Dungeon Crawl Stone Soup version 0.24-a0-264-gf46a388 (webtiles) character file.

Game seed: 18161901566784560839

67 Hasart the Cutter (level 4, -2/29 HPs)
             Began as a Kobold Monk on Apr 20, 2019.
             Killed by nerve-wracking pain
             ... invoked by an orc priest
              (6 damage)
             ... on level 2 of the Dungeon.
             The game lasted 00:03:37 (1898 turns).

Hasart the Cutter (Kobold Monk)                     Turns: 1898, Time: 00:03:38

Health: -2/29      AC:  6    Str:  9    XL:     4   Next: 38%
Magic:  4/4        EV: 14    Int: 11    God:
Gold:   113        SH:  0    Dex: 17    Spells: 3/3 levels left

rFire    . . .     SeeInvis .   a - +0 short sword
rCold    + . .     Gourm    .   (shield restricted)
rNeg     + . .     Faith    .   k - +1 ring mail {rC+}
rPois    .         Spirit   .   (no helmet)
rElec    .         Reflect  .   (no cloak)
rCorr    .         Harm     .   (no gloves)
MR       .....                  (no boots)
Stlth    ++........             (no amulet)
HPRegen  0.09/turn              d - ring of positive energy
MPRegen  0.09/turn              (no ring)

@: no status effects
A: small, carnivore
a: no special abilities


You were on level 2 of the Dungeon.
You were very full.

You visited 1 branch of the dungeon, and saw 3 of its levels.

You collected 113 gold pieces.

Inventory:

Hand Weapons
 a - a +0 short sword (weapon)
Armour
 k - a +1 ring mail of cold resistance (worn)
Jewellery
 b - a +1 ring of protection {unknown}
 d - a ring of positive energy (left hand)
Scrolls
 g - a scroll of immolation {unknown}
 h - a scroll of remove curse {unknown}
 i - a scroll of blinking {unknown}
 j - a scroll of amnesia {unknown}
 l - a scroll of teleportation {unknown}
Potions
 e - a potion of might {unknown}
 f - a potion of brilliance {unknown}
Comestibles
 c - 4 rations


   Skills:
 + Level 3.6 Fighting
 * Level 5.0 Short Blades
 + Level 1.0 Armour
 + Level 4.0 Dodging
 + Level 3.5 Stealth


You had 3 spell levels left.
You didn't know any spells.
Your spell library was empty.

Dungeon Overview and Level Annotations

Branches:
Dungeon (3/15)

Altars:
Gozag
Hepliaklqana


Innate Abilities, Weirdness & Mutations

You are small and have problems with some larger weapons.
You are carnivorous and can eat meat at any time.


Message History

You hit the orc priest.
The orc priest is lightly wounded.
The orc priest hits you but does no damage.
The orc hits you but does no damage.
You hit the orc priest.
The orc priest is moderately wounded.
The orc hits you but does no damage. The orc priest closely misses you.
You completely miss the orc priest.
The orc priest is moderately wounded.
The orc hits you with a +0 dagger.
* * * LOW HITPOINT WARNING * * *
The orc hits you.
* * * LOW HITPOINT WARNING * * *
The orc priest closely misses you.
You hit the orc priest but do no damage.
The orc priest is moderately wounded.
The orc completely misses you. The orc misses you.
The orc priest calls down the wrath of Beogh upon you.
Pain shoots through your body!
You die...

....#.......#....#####.#
..#...)[.##.#......# #.#
#.#......#..#.#....# #.#
#.#####..#.........# #.#
#.#.........#......# #.#
#.#.###...#.#......###.#
#.#.#........#.......#.#
#..<...........o####.#.#
................@......#
.....<..........oo...###
##...###.###..########
.#...............######
......##.#............#
).....##.#............#
......##.#.#..#.......#
.####....#.#..#...#####
.........#.#..#...##########


You could see an orc priest and 2 orcs.

Vanquished Creatures
  An adder (D:2)
  2 oozes
  A worm (D:3)
  4 orcs
  6 bats
  2 giant cockroaches (D:1)
  4 goblins
  3 hobgoblins
  3 jackals (D:1)
  A quokka (D:2)
  A ball python (D:1)
  7 kobolds
  4 rats
39 creatures vanquished.

Notes
Turn   | Place    | Note
-------+----------+-------------------------------------------
     0 | D:1      | Hasart the Kobold Monk began the quest for the Orb.
     0 | D:1      | Reached XP level 1. HP: 14/14 MP: 1/1
   176 | D:1      | Reached XP level 2. HP: 17/19 MP: 2/2
   381 | D:1      | Reached XP level 3. HP: 23/23 MP: 3/3
  1099 | D:2      | Found a hazy altar of Hepliaklqana.
  1374 | D:2      | Reached XP level 4. HP: 28/28 MP: 4/4
  1504 | D:2      | Found an opulent altar of Gozag.
  1717 | D:2      | Reached skill level 1 in Armour
  1863 | D:3      | Reached skill level 5 in Short Blades
  1898 | D:2      | Killed from afar by an orc priest

Levels and vault maps discovered:
D:1:      dpeg_arrival_pond, layout_loops_corners
D:2:      layout_basic, lemuel_crystal_altar, nicolae_gozag_seed_capital
D:3:      minmay_angry_zag, layout_rooms, lemuel_coloured_pillars_altar,
          minmay_strange_pillars, hangedman_abyss_or_decor_lesser_grid,
          goddamned_bats

Skill      XL: |  1  2  3  4 |
---------------+-------------+-----
Stealth        | 3 |  3.5
Dodging        | 4 |  4.0
Armour         | 1 |  1.0
Short Blades   | 5 |  5.0
Fighting       | |  3.6

Action                   |  1- 3 |  4- 6 || total
-------------------------+-------+-------++-------
Melee: Short sword       |    99 |    59 ||   158
 Stab: Sleeping          |     5 |       ||     5
  Eat: Chunk             |     9 |     2 ||    11
Armor: Robe              |     8 |       ||     8
       Ring mail         |    18 |    26 ||    44
Dodge: Dodged            |    86 |    56 ||   142

Table legend:
 A = Non-vault XP
 B = Vault XP
 C = Vault XP percentage of total XP
 D = Non-vault monster count
 E = Vault monster count
 F = Vault count percentage of total count
                 A         B        C        D         E       F
            +---------+---------+-------+---------+---------+-------
      Total |      96 |       0 |   0.0 |      39 |       0 |   0.0
            +---------+---------+-------+---------+---------+-------
        D:1 |      40 |       0 |   0.0 |      21 |       0 |   0.0
        D:2 |      47 |       0 |   0.0 |      15 |       0 |   0.0
        D:3 |       9 |       0 |   0.0 |       3 |       0 |   0.0
            +---------+---------+-------+---------+---------+-------
